Map: Frost LE

Players

MarineLorD

  • Race: Terran Terran
  • League: Master

PtitDrogo - Winner!

  • Race: Protoss Protoss
  • League: Master

VOD

Have the link to the VOD?

Description

Time

  • Played on: Nov. 23, 2016, 3:51 p.m.
  • Length: 6:58
Show
View Real Time Build Order
Export as new Build Order

MarineLorD Terran 

Build Orders: 1/1/1, Liberator Opening 

Get SALT Encoding   

  12  0:00  SCV  
  13  0:12  SCV  
  14  0:17  Supply Depot  
  14  0:24  SCV  
  15  0:38  SCV  
  15  0:40  Barracks  
  16  0:44  Refinery  
  16  0:51  SCV  
  16  0:55  Refinery  
  17  1:03  SCV  
  18  1:15  SCV  
  19  1:28  Marine  
  19  1:29  Orbital Command  
  20  1:35  Factory  
  20  1:42  Supply Depot  
  20  1:47  Barracks Reactor  
  20  1:54  SCV  
  21  2:07  SCV  
  22  2:18  Factory Tech Lab  
  22  2:19  Starport  
  22  2:21  Supply Depot  
  23  2:24  Marine x2  
  23  2:28  SCV  
  25  2:37  Siege Tank  
  25  2:40  SCV  
  29  2:44  Marine  
  29  2:46  Marine  
  31  2:52  SCV  
  31  2:56  Medivac  
  34  3:02  Marine  
  34  3:04  SCV  
  37  3:18  Siege Tank  
  39  3:20  Supply Depot  
  39  3:23  Supply Depot  
  39  3:24  Liberator  
  39  3:41  Marine x2  
  39  3:43  SCV  
  45  3:59  Bunker  
  45  4:03  Marine x2  
  45  4:04  Siege Tank  
  45  4:09  SCV  
  49  4:21  SCV, Marine x2  
  45  4:33  SCV  
  45  4:36  Siege Tank  
  43  4:38  Marine  
  43  4:39  Marine  
  43  4:40  Viking  
  43  4:45  SCV  
  45  4:56  Engineering Bay, Marine x2  
  45  4:57  SCV  
  48  5:04  Supply Depot  
  48  5:08  Siege Tank  
  51  5:14  Marine x2  
  51  5:20  Viking  
  55  5:24  Missile Turret  
  55  5:32  Marine x2  
  55  5:44  Siege Tank  
  58  5:50  Marine x2  
  58  6:07  Missile Turret  
  58  6:10  Marine x2  
  58  6:16  Siege Tank  
  58  6:28  Missile Turret  
  58  6:31  Missile Turret  
  58  6:32  Marine  
  58  6:33  Marine  
Show
View Real Time Build Order
Export as new Build Order

PtitDrogo Protoss - Winner!

Build Orders: 1 Gate Expand, Phoenix Opening 

Get SALT Encoding   

  12  0:01  Probe (Chrono Boost)  
  13  0:11  Probe (Chrono Boost)  
  14  0:18  Pylon  
  14  0:22  Probe (Chrono Boost)  
  15  0:36  Probe (Chrono Boost), Gateway  
  16  0:48  Probe (Chrono Boost), Assimilator  
  17  0:58  Probe (Chrono Boost)  
  18  1:09  Probe (Chrono Boost)  
  19  1:20  Nexus  
  19  1:24  Probe (Chrono Boost)  
  20  1:35  Cybernetics Core  
  20  1:38  Probe (Chrono Boost)  
  21  1:41  Assimilator  
  21  1:48  Probe (Chrono Boost)  
  21  1:51  Pylon  
  22  1:59  Probe (Chrono Boost)  
  22  2:00  Warp Gate  
  23  2:08  Adept  
  23  2:11  Probe (Chrono Boost)  
  27  2:23  Probe (Chrono Boost)  
  27  2:31  Stargate  
  27  2:32  Adept  
  27  2:33  Probe (Chrono Boost)  
  30  2:39  Probe (Chrono Boost)  
  32  2:45  Probe (Chrono Boost)  
  33  2:51  Probe (Chrono Boost)  
  33  2:57  Probe (Chrono Boost)  
  33  2:58  Gateway  
  34  2:59  Gateway  
  34  3:12  Phoenix  
  38  3:20  Probe (Chrono Boost), Pylon  
  38  3:24  Mothership Core (Chrono Boost)  
  41  3:27  Adept  
  41  3:32  Pylon  
  41  3:39  Phoenix  
  41  3:45  Probe (Chrono Boost)  
  41  3:46  Probe (Chrono Boost)  
  45  3:58  Probe x2 (Chrono Boost)  
  45  4:01  Phoenix  
  47  4:03  Adept x2  
  47  4:05  Zealot  
  57  4:10  Probe x2 (Chrono Boost)  
  57  4:22  Phoenix  
  57  4:38  Probe (Chrono Boost)  
  52  4:44  Probe (Chrono Boost)  
  53  4:52  Stalker x3  
  59  4:55  Probe (Chrono Boost), Assimilator  
  59  4:56  Probe (Chrono Boost)  
  59  4:57  Assimilator  
  61  5:03  Pylon  
  61  5:05  Pylon  
  61  5:06  Pylon  
  62  5:07  Probe (Chrono Boost)  
  62  5:19  Phoenix  
  64  5:23  Probe x2 (Chrono Boost)  
  64  5:24  Adept x3  
  72  5:30  Gateway  
  72  5:31  Gateway  
  72  5:33  Gateway  
  72  5:42  Pylon x2  
  72  5:50  Stalker x3  
  72  5:56  Phoenix  
  78  6:00  Pylon  
  80  6:15  Zealot x3  
  86  6:29  Adept x2  
  86  6:30  Adept  
  92  6:35  Pylon  
  92  6:36  Adept x3  
Tags
 
Add a new tag
Caveats
  • Supply blocks, unpowered buildings, or Contaminate may cause inaccurate times.
  • Supply counts are checked every 10 seconds.